AoeStats
← Sido

Arena

509078052Analyzed
1v1 RM · 8d ago on Sep 25, 2026· 46m 50s· 2 players
Game mode
Random Map
Map size
Tiny (2 player)
Population
200
Speed
Normal
Resources
Standard
Victory
Conquest
Starting age
Dark Age
Ending age
Imperial Age
RankedLock teamsTeams togetherTeam positionsShared explorationLock speedFull tech treeHidden civsTurbo modeCheats
Victory
Defeat
🇬🇧 Saxons · United Kingdom
786
+16
🇧🇷 Turks · Brazil
788
-16
Sido
10:13 Feudal Age
14:42 Castle Age
13:11 Double-Bit Axe
15:12 Wheelbarrow
21:42 Scale Mail Armor
25:30 Fletching
30:26 Imperial Age
29:34 Forging
29:25 Padded Archer Armor
31:16 Crossbowman
32:02 Thumb Ring
31:29 Capped Ram
32:57 Conscription
33:25 Chain Mail Armor
35:56 Onager
37:40 Elite Skirmisher
37:48 Siege Ram
40:24 Leather Archer Armor
vitor_age2
10:41 Feudal Age
14:37 Castle Age
12:58 Double-Bit Axe
14:08 Horse Collar
15:35 Loom
27:17 Wheelbarrow
28:15 Padded Archer Armor
33:19 Imperial Age
33:44 Hand Cart
34:38 Town Watch
Connection lost

Rejoining the realm…

Still unreachable

The connection could not be restored.

Session expired

The server has moved on; the page needs a fresh start.